Knights vs Carnivores
Created - April 22, 2018 at 21:54
Goals
|
| Knights |
2 |
1 |
1 |
4 |
| Carnivores |
0 |
2 |
0 |
2 |
|
Shots
|
| Knights |
11 |
14 |
13 |
38 |
| Carnivores |
8 |
16 |
10 |
34 |
|
1st period
1. Knights , Michael Raffl 36 (Noel Acciari 30) at 2:23
2. Knights , Michael Raffl 37 (Kevin Hayes 33, Noel Acciari 31) at 5:34 (PP)
Penalties :
Mark MacMillan (Bre) for Cross-checking (Minor) at 4:09, Jacob Trouba (Lon) for Hooking (Minor) at 6:34, Ryan Murray (Bre) for Boarding (Minor) at 11:26, Michael Matheson (Lon) for Holding (Minor) at 16:34
2nd period
3. Carnivores , Anton Gustafsson 29 (Steve Begin 27, Joe Corvo 12) at 3:23 (PP)
4. Carnivores , Jeremy Williams 22 (Zack Smith 22, Ryan Murray 28) at 11:37
5. Knights , Scott Wilson 11 (Michael Matheson 6, Jordan Martinook 5) at 18:00
Penalties :
Noel Acciari (Lon) for Roughing (Minor) at 3:08, Jacob Trouba (Lon) for Boarding (Minor) at 3:42, Noel Acciari (Lon) for Hooking (Minor) at 8:26, Brendan Gallagher (Bre) for Hooking (Minor) at 11:55, Jordan Martinook (Lon) for Holding (Minor) at 15:14, Joe Corvo (Bre) for Interference (Minor) at 15:38
3rd period
6. Knights , Noel Acciari 25 (Nikita Nikitin 9) at 19:51 (Empty Net)
Penalties :
Kevin Hayes (Lon) for Hooking (Minor) at 1:25, Jeremy Welsh (Bre) for Roughing (Minor) at 9:45, Jeremy Williams (Bre) for Holding (Minor) at 15:04
Goalie Stats
Ben Scrivens (Lon), 32 saves from 34 shots - (0.941), W, 25-23-6, 60:00 minutes
Mike McKenna (Bre), 34 saves from 37 shots - (0.919), L, 18-11-4, 59:15 minutes
Players Stats for Knights
Player Name G A P +/- PIM S H SB GA TA FO MP PP MP PK MP
------------------------------------------------------------------------------------
A.J. Jenks 0 0 0 0 0 2 0 0 2 0 0/1 16:20 3:28 3:12
Alan Quine 0 0 0 0 0 2 0 0 0 0 1/4 6:09 0:00 0:00
Brendan Gaunce 0 0 0 0 0 0 0 0 0 0 4/9 13:25 3:28 0:25
Brett Connolly 0 0 0 -1 0 1 0 0 1 0 0/0 10:16 0:04 0:00
Collin Miller 0 0 0 1 0 0 0 0 0 0 0/0 17:36 6:29 2:48
Jaccob Slavin 0 0 0 1 0 0 1 0 0 0 0/0 12:56 3:16 0:04
Jacob Trouba 0 0 0 1 4 1 2 1 1 3 0/0 21:20 3:16 2:44
Jared Spurgeon 0 0 0 2 0 4 1 4 0 1 0/0 29:52 6:29 6:00
Jordan Martinook 0 1 1 0 2 2 3 0 0 0 0/0 10:51 0:24 0:04
Kevin Hayes 0 1 1 2 2 5 1 0 2 0 0/0 20:02 5:49 2:25
Linden Vey 0 0 0 0 0 4 1 0 0 0 0/0 13:00 3:28 0:00
Michael Matheson 0 1 1 -1 2 2 0 1 0 0 0/0 17:44 0:00 3:28
Michael Raffl 2 0 2 2 0 6 0 1 0 0 1/1 24:08 5:49 5:47
Nikita Nikitin 0 1 1 0 0 1 1 1 1 0 0/0 21:13 0:00 6:04
Noel Acciari 1 2 3 2 4 2 1 0 0 0 18/46 22:54 5:49 4:27
Scott Wilson 1 0 1 1 0 2 2 0 0 0 0/0 9:55 0:28 2:18
Stefan Matteau 0 0 0 -1 0 3 1 0 1 1 6/11 12:46 0:00 2:30
Tom Wilson 0 0 0 1 0 1 2 0 0 0 0/0 7:17 0:28 0:00
Players Stats for Carnivores
Player Name G A P +/- PIM S H SB GA TA FO MP PP MP PK MP
------------------------------------------------------------------------------------
Adam Pelech 0 0 0 0 0 1 0 0 0 0 0/0 4:42 0:00 0:03
Anton Gustafsson 1 0 1 -2 0 3 2 0 0 0 19/37 21:52 6:04 2:41
Blake Geoffrion 0 0 0 0 0 1 2 0 1 1 1/2 16:22 4:27 3:01
Brendan Gallagher 0 0 0 -3 2 8 1 1 0 0 1/2 23:46 6:04 4:08
Jeremy Welsh 0 0 0 1 2 1 2 0 0 1 0/1 9:53 0:03 0:00
Jeremy Williams 1 0 1 1 2 1 0 1 0 2 1/1 11:43 0:03 1:30
Joe Corvo 0 1 1 -2 2 2 3 2 1 1 0/0 27:50 7:09 6:46
Josh Manson 0 0 0 0 0 0 2 2 0 0 0/0 13:06 0:32 2:38
Mark MacMillan 0 0 0 0 2 0 0 0 0 0 0/0 6:11 0:00 0:00
Markus Granlund 0 0 0 0 0 0 4 0 1 0 2/5 12:55 4:27 0:00
Mat Clark 0 0 0 1 0 0 0 0 0 0 0/0 12:14 2:52 0:12
Nate Schmidt 0 0 0 -2 0 1 0 1 0 1 0/0 19:50 0:00 7:03
Nicolas Kerdiles 0 0 0 0 0 1 3 0 0 0 0/0 8:07 0:00 1:55
Nikita Alexeev 0 0 0 0 0 0 0 0 1 0 1/2 14:10 4:27 0:00
Ryan Murray 0 1 1 -1 2 1 0 2 0 0 0/0 20:40 6:34 0:01
Sasha Pokulok 0 0 0 -1 0 2 0 0 0 0 0/0 10:26 0:00 0:00
Scott Laughton 0 0 0 -1 0 2 1 0 0 0 3/5 8:05 0:03 1:22
Steve Begin 0 1 1 -2 0 7 1 0 0 0 9/11 25:19 6:04 4:53
T.J Brodie 0 0 0 0 0 2 0 1 1 2 0/0 11:33 4:00 2:47
Zack Smith 0 1 1 1 0 1 1 0 0 0 5/6 9:50 0:00 0:00
3 Stars
1 - Michael Raffl (Lon)
2 - Noel Acciari (Lon)
3 - Scott Wilson (Lon)
Power Play
Knights - 1 on 6 Attempt(s) - 16.67%
Carnivores - 1 on 7 Attempt(s) - 14.29%
Penalty Kill
Knights - 6 on 7 Attempt(s) - 85.71%
- Score 0 goal in Penalty Kill
Carnivores - 5 on 6 Attempt(s) - 83.33%
- Score 0 goal in Penalty Kill
Team Stat
Knights - Hits : 16 - Faceoff Wins : 30 - Blocked Shots : 8 - Penalty Minutes : 14
Carnivores - Hits : 22 - Faceoff Wins : 42 - Blocked Shots : 10 - Penalty Minutes : 12
Official
Referees : Martell Rob and McCauley Wes
Linesman : Bryan Pancich and Greg Devorski
Game Notes
Noel Acciari has scored in a empty net!
Finance
Level 1 -- Attendance: 1452 (72.60%) -- Ticket Income $58,080
Level 2 -- Attendance: 737 (73.70%) -- Ticket Income $14,740
Total Attendance: 2189 (72.97%)
Total Ticket Income: $72,820
Other Income: $3,641
Total Income: $76,461
Knights
5 vs 5 Forward
Center Left Wing Right Wing Time % Phy DF OF
1 Noel Acciari Michael Raffl Kevin Hayes 40 1 2 2
2 Brendan Gaunce A.J. Jenks Linden Vey 30 1 2 2
3 Stefan Matteau Jordan Martinook Brett Connolly 20 1 2 2
4 Alan Quine Scott Wilson Tom Wilson 10 1 2 2
5 vs 5 Defense
Defense Defense Time % Phy DF OF
1 Jacob Trouba Jared Spurgeon 40 1 2 2
2 Michael Matheson Nikita Nikitin 32 1 2 2
3 Jaccob Slavin Collin Miller 20 1 2 2
4 Jacob Trouba Jared Spurgeon 8 1 2 2
PowerPlay Forward
Center Left Wing Right Wing Time % Phy DF OF
1 Noel Acciari Michael Raffl Kevin Hayes 60 1 2 2
2 Brendan Gaunce A.J. Jenks Linden Vey 40 1 2 2
PowerPlay Defense
Defense Defense Time % Phy DF OF
1 Jared Spurgeon Collin Miller 60 1 2 2
2 Jacob Trouba Jaccob Slavin 40 1 2 2
Penalty Kill 4 Players Forward
Center Wing Time % Phy DF OF
1 Noel Acciari Michael Raffl 60 1 2 2
2 A.J. Jenks Kevin Hayes 40 1 2 2
Penalty Kill 4 Players Defense
Defense Defense Time % Phy DF OF
1 Jared Spurgeon Nikita Nikitin 60 1 2 2
2 Michael Matheson Jacob Trouba 40 1 2 2
Penalty Kill - 3 Players Forward
Forward Time % Phy DF OF
1 Noel Acciari 60 1 2 2
2 Kevin Hayes 40 1 2 2
Penalty Kill - 3 Players Defense
Defense Defense Time % Phy DF OF
1 Jared Spurgeon Nikita Nikitin 60 1 2 2
2 Jacob Trouba Michael Matheson 40 1 2 2
4 vs 4 Forward
Center Wing Time % Phy DF OF
1 Noel Acciari Michael Raffl 60 1 2 2
2 Brendan Gaunce Linden Vey 40 1 2 2
4 vs 4 Defense
Defense Defense Time % Phy DF OF
1 Jared Spurgeon Michael Matheson 60 1 2 2
2 Jacob Trouba Jaccob Slavin 40 1 2 2
Last Minutes Offensive
Center Left Wing Right Wing Defense Defense
Noel Acciari Michael Raffl Kevin Hayes Jared Spurgeon Nikita Nikitin
Last Minutes Defensive
Center Left Wing Right Wing Defense Defense
Noel Acciari Michael Raffl Kevin Hayes Jared Spurgeon Nikita Nikitin
Goaltenders
Starting : Ben Scrivens
Backup : Magnus Hellberg
Extra Forwards
Normal : Tom Wilson, Noel Acciari, Michael Raffl - PP : Tom Wilson, Michael Raffl - PK : Michael Raffl
Extra Defensemen
Normal : Jared Spurgeon, Michael Matheson, Jacob Trouba - PP : Jared Spurgeon - PK : Jared Spurgeon, Jacob Trouba
Penalty Shots
Michael Raffl, Noel Acciari, Linden Vey, Tom Wilson, Kevin Hayes
Scratches
Cody Bass (Sprained Right Ankle Injury), Zach Budish (Healthy), Jordan Weal (Healthy), Matt Puempel (Healthy), David Shields (Healthy)
Matthew Benning (Healthy), Matt Grzelcyk (Healthy), Travis Boyd (Healthy), Zach Trotman (Left Hip Injury), Scott Jackson (Healthy)
Jimmy Hayes (Bruised Left Foot Injury), Connor Knapp (Healthy)
Carnivores
5 vs 5 Forward
Center Left Wing Right Wing Time % Phy DF OF
1 Anton Gustafsson Steve Begin Brendan Gallagher 40 1 2 2
2 Markus Granlund Blake Geoffrion Nikita Alexeev 30 1 2 2
3 Zack Smith Jeremy Welsh Jeremy Williams 20 1 2 2
4 Scott Laughton Nicolas Kerdiles Mark MacMillan 10 1 2 2
5 vs 5 Defense
Defense Defense Time % Phy DF OF
1 Joe Corvo Ryan Murray 40 1 2 2
2 Sasha Pokulok Nate Schmidt 30 1 2 2
3 Mat Clark Josh Manson 20 1 2 2
4 T.J Brodie Adam Pelech 10 1 2 2
PowerPlay Forward
Center Left Wing Right Wing Time % Phy DF OF
1 Anton Gustafsson Steve Begin Brendan Gallagher 60 1 2 2
2 Markus Granlund Blake Geoffrion Nikita Alexeev 40 1 2 2
PowerPlay Defense
Defense Defense Time % Phy DF OF
1 Joe Corvo Ryan Murray 60 1 2 2
2 T.J Brodie Joe Corvo 40 1 2 2
Penalty Kill 4 Players Forward
Center Wing Time % Phy DF OF
1 Steve Begin Brendan Gallagher 60 1 2 2
2 Anton Gustafsson Blake Geoffrion 40 1 2 2
Penalty Kill 4 Players Defense
Defense Defense Time % Phy DF OF
1 Joe Corvo Nate Schmidt 60 1 2 2
2 T.J Brodie Nate Schmidt 40 1 2 2
Penalty Kill - 3 Players Forward
Forward Time % Phy DF OF
1 Steve Begin 60 1 2 2
2 Nikita Alexeev 40 1 2 2
Penalty Kill - 3 Players Defense
Defense Defense Time % Phy DF OF
1 Ryan Murray Sasha Pokulok 60 1 2 2
2 T.J Brodie Nate Schmidt 40 1 2 2
4 vs 4 Forward
Center Wing Time % Phy DF OF
1 Steve Begin Nikita Alexeev 60 1 2 2
2 Jeremy Williams Blake Geoffrion 40 1 2 2
4 vs 4 Defense
Defense Defense Time % Phy DF OF
1 Ryan Murray Nate Schmidt 60 1 2 2
2 Joe Corvo T.J Brodie 40 1 2 2
Last Minutes Offensive
Center Left Wing Right Wing Defense Defense
Anton Gustafsson Steve Begin Brendan Gallagher Joe Corvo Nate Schmidt
Last Minutes Defensive
Center Left Wing Right Wing Defense Defense
Anton Gustafsson Steve Begin Brendan Gallagher Joe Corvo Nate Schmidt
Goaltenders
Starting : Mike McKenna
Backup : Antti Raanta
Extra Forwards
Normal : Scott Laughton, Jeremy Welsh, Jeremy Williams - PP : Jeremy Welsh, Scott Laughton - PK : Jeremy Williams
Extra Defensemen
Normal : Mat Clark, T.J Brodie, Josh Manson - PP : Mat Clark - PK : T.J Brodie, Josh Manson
Penalty Shots
Steve Begin, Nikita Alexeev, Brendan Gallagher, Blake Geoffrion, Jeremy Welsh
Scratches
David Schlemko (Healthy), Mattias Backman (Healthy), Adam Almquist (Healthy), Stanislav Galiev (Healthy), Tyler Graovac (Healthy)
Patrick McNeill (Healthy), Troy Bourke (Healthy), Alexandre Mallet (Healthy), Michael Schumacher (Healthy), Daniel Altshuller (Healthy)
% Time on Ice - Knights
Lines # - Real PCT - Wanted PCT - Time Play
Normal Forward
1 - 30% - 40% - 11:16
2 - 26% - 30% - 9:40
3 - 27% - 20% - 9:56
4 - 17% - 10% - 6:09
Normal Defense
1 - 41% - 40% - 15:03
2 - 37% - 32% - 13:52
3 - 22% - 20% - 8:06
4 - 0% - 8% - 0:00
PP Forward
1 - 64% - 60% - 6:17
2 - 36% - 40% - 3:28
PP Defense
1 - 66% - 60% - 6:29
2 - 34% - 40% - 3:16
PK Forward
1 - 70% - 60% - 7:22
2 - 30% - 40% - 3:12
PK Defense
1 - 57% - 60% - 6:00
2 - 43% - 40% - 4:34
PK3 Forward
1 - 0% - 60%
2 - 0% - 40%
PK3 Defense
1 - 0% - 60%
2 - 0% - 40%
44 Forward
1 - 80% - 60% - 1:16
2 - 20% - 40% - 0:19
44 Defense
1 - 79% - 60% - 1:15
2 - 21% - 40% - 0:20
Last Minute Offensive - 0:00
Last Minute Defensive - 1:05
Total
Forward - 60:00
Defense - 60:00
|
% Time on Ice - Carnivores
Lines # - Real PCT - Wanted PCT - Time Play
Normal Forward
1 - 34% - 40% - 12:30
2 - 23% - 30% - 8:29
3 - 27% - 20% - 9:50
4 - 17% - 10% - 6:12
Normal Defense
1 - 36% - 40% - 13:30
2 - 29% - 30% - 10:52
3 - 23% - 20% - 8:39
4 - 11% - 10% - 4:00
PP Forward
1 - 58% - 60% - 6:07
2 - 42% - 40% - 4:27
PP Defense
1 - 62% - 60% - 6:34
2 - 38% - 40% - 4:00
PK Forward
1 - 72% - 60% - 7:02
2 - 28% - 40% - 2:43
PK Defense
1 - 71% - 60% - 6:58
2 - 29% - 40% - 2:47
PK3 Forward
1 - 0% - 60%
2 - 0% - 40%
PK3 Defense
1 - 0% - 60%
2 - 0% - 40%
44 Forward
1 - 79% - 60% - 1:15
2 - 21% - 40% - 0:20
44 Defense
1 - 79% - 60% - 1:15
2 - 21% - 40% - 0:20
Last Minute Offensive - 1:05
Last Minute Defensive - 0:00
Total
Forward - 60:00
Defense - 60:00
|
Play by Play
1st period
0:01 of 1st period - Noel Acciari wins face-off versus Anton Gustafsson in neutral zone.
0:16 of 1st period - Slapshot by Brendan Gallagher.
0:16 of 1st period - Shot Blocked by Jacob Trouba.
0:32 of 1st period - Backhand shot by Jared Spurgeon.
0:32 of 1st period - Stopped by Mike McKenna without a rebound.
0:33 of 1st period - Stefan Matteau wins face-off versus Nikita Alexeev in Carnivores zone.
1:16 of 1st period - Off-side.
1:17 of 1st period - Scott Laughton wins face-off versus Noel Acciari in neutral zone.
1:22 of 1st period - Snap shot by Scott Laughton.
1:22 of 1st period - Stopped by Ben Scrivens with a rebound.
1:24 of 1st period - Snap shot by Adam Pelech.
1:24 of 1st period - Deflect By Kevin Hayes.
1:24 of 1st period - Stopped by Ben Scrivens without a rebound.
1:25 of 1st period - Anton Gustafsson wins face-off versus Alan Quine in Knights zone.
1:34 of 1st period - Steve Begin is hit by Scott Wilson and loses puck.
2:19 of 1st period - Slapshot by Michael Raffl.
2:19 of 1st period - Stopped by Mike McKenna without a rebound.
2:20 of 1st period - Noel Acciari wins face-off versus Anton Gustafsson in Carnivores zone.
2:23 of 1st period - Slapshot by Michael Raffl.
2:23 of 1st period - Goal by Michael Raffl - Knights : 1 - Carnivores : 0.
2:24 of 1st period - Noel Acciari wins face-off versus Anton Gustafsson in neutral zone.
2:55 of 1st period - Snap shot by Jeremy Welsh.
2:55 of 1st period - Shot Misses the Net.
3:20 of 1st period - Nikita Nikitin is hit by Blake Geoffrion and loses puck.
3:24 of 1st period - Icing by Nikita Nikitin.
3:25 of 1st period - Stefan Matteau wins face-off versus Anton Gustafsson in Knights zone.
3:38 of 1st period - Backhand shot by Brett Connolly.
3:38 of 1st period - Shot Misses the Net.
3:48 of 1st period - Wrist shot by Stefan Matteau.
3:48 of 1st period - Stopped by Mike McKenna with a rebound.
3:50 of 1st period - Wrist shot by Stefan Matteau.
3:50 of 1st period - Shot Misses the Net.
3:52 of 1st period - Snap shot by Jordan Martinook.
3:52 of 1st period - Shot Blocked by Josh Manson.
4:06 of 1st period - Slapshot by Nikita Nikitin.
4:06 of 1st period - Deflect By Jordan Martinook.
4:06 of 1st period - Shot Hit the Post.
4:06 of 1st period - Puck is out of play.
4:07 of 1st period - Scott Laughton wins face-off versus Noel Acciari in Carnivores zone.
4:09 of 1st period - Minor Penalty to Mark MacMillan for Cross-checking.
4:10 of 1st period - Steve Begin wins face-off versus Noel Acciari in Carnivores zone.
4:31 of 1st period - Icing by Collin Miller.
4:32 of 1st period - Steve Begin wins face-off versus Noel Acciari in Knights zone.
4:39 of 1st period - Steve Begin is hit by Kevin Hayes and loses puck.
4:56 of 1st period - Wrist shot by Kevin Hayes.
4:56 of 1st period - Shot Blocked by Nate Schmidt.
4:58 of 1st period - Slapshot by Michael Raffl.
4:58 of 1st period - Shot Misses the Net.
5:00 of 1st period - Slapshot by Jared Spurgeon.
5:00 of 1st period - Deflect By Joe Corvo.
5:00 of 1st period - Stopped by Mike McKenna with a rebound.
5:34 of 1st period - Wrist shot by Michael Raffl.
5:34 of 1st period - Deflect By Joe Corvo.
5:34 of 1st period - Goal by Michael Raffl - Knights : 2 - Carnivores : 0.
5:35 of 1st period - Jeremy Williams wins face-off versus Brendan Gaunce in neutral zone.
6:00 of 1st period - Michael Matheson is hit by Nicolas Kerdiles and loses puck.
6:34 of 1st period - Minor Penalty to Jacob Trouba for Hooking.
6:35 of 1st period - Noel Acciari wins face-off versus Anton Gustafsson in Knights zone.
7:00 of 1st period - Michael Raffl is hit by Markus Granlund and loses puck.
8:34 of 1st period - Penalty to Jacob Trouba is over, Jacob Trouba is back on ice.
9:05 of 1st period - Nicolas Kerdiles is hit by Jaccob Slavin and loses puck.
9:30 of 1st period - Wrist shot by Linden Vey.
9:30 of 1st period - Deflect By Josh Manson.
9:30 of 1st period - Stopped by Mike McKenna with a rebound.
9:32 of 1st period - Backhand shot by A.J. Jenks.
9:32 of 1st period - Deflect By Linden Vey.
9:32 of 1st period - Stopped by Mike McKenna with a rebound.
9:36 of 1st period - Slapshot by A.J. Jenks.
9:36 of 1st period - Deflect By Brendan Gaunce.
9:36 of 1st period - Shot Misses the Net.
9:36 of 1st period - Puck is out of play.
9:37 of 1st period - Noel Acciari wins face-off versus Markus Granlund in Carnivores zone.
9:47 of 1st period - Wrist shot by Nikita Alexeev.
9:47 of 1st period - Shot Misses the Net.
9:49 of 1st period - Slapshot by Nate Schmidt.
9:49 of 1st period - Stopped by Ben Scrivens with a rebound.
10:01 of 1st period - Steve Begin is hit by Jacob Trouba.
10:07 of 1st period - Snap shot by Steve Begin.
10:07 of 1st period - Shot Misses the Net.
10:46 of 1st period - Wrist shot by Kevin Hayes.
10:46 of 1st period - Stopped by Mike McKenna with a rebound.
11:01 of 1st period - Snap shot by Blake Geoffrion.
11:01 of 1st period - Stopped by Ben Scrivens without a rebound.
11:02 of 1st period - Anton Gustafsson wins face-off versus Noel Acciari in Knights zone.
11:03 of 1st period - Snap shot by Brendan Gallagher.
11:03 of 1st period - Shot Misses the Net.
11:26 of 1st period - Minor Penalty to Ryan Murray for Boarding.
11:27 of 1st period - Steve Begin wins face-off versus Noel Acciari in Carnivores zone.
11:36 of 1st period - Slapshot by Kevin Hayes.
11:36 of 1st period - Stopped by Mike McKenna with a rebound.
12:02 of 1st period - Blake Geoffrion is hit by Linden Vey and loses puck.
13:26 of 1st period - Penalty to Ryan Murray is over, Ryan Murray is back on ice.
13:50 of 1st period - Brett Connolly is hit by Scott Laughton and loses puck.
13:57 of 1st period - Slapshot by Joe Corvo.
13:57 of 1st period - Stopped by Ben Scrivens with a rebound.
14:35 of 1st period - Snap shot by Jeremy Williams.
14:35 of 1st period - Deflect By Jared Spurgeon.
14:35 of 1st period - Shot Misses the Net.
14:35 of 1st period - Puck is out of play.
14:36 of 1st period - Noel Acciari wins face-off versus Zack Smith in Knights zone.
14:36 of 1st period - Noel Acciari is hit by Zack Smith.
14:42 of 1st period - Snap shot by Jeremy Williams.
14:42 of 1st period - Shot Blocked by Jared Spurgeon.
14:44 of 1st period - Wrist shot by Jeremy Welsh.
14:44 of 1st period - Stopped by Ben Scrivens without a rebound.
14:45 of 1st period - Anton Gustafsson wins face-off versus Brendan Gaunce in Knights zone.
14:48 of 1st period - Snap shot by Steve Begin.
14:48 of 1st period - Shot Misses the Net.
15:00 of 1st period - Anton Gustafsson is hit by Jared Spurgeon.
15:38 of 1st period - Snap shot by Nikita Alexeev.
15:38 of 1st period - Shot Misses the Net.
15:40 of 1st period - Slapshot by T.J Brodie.
15:40 of 1st period - Deflect By Jaccob Slavin.
15:40 of 1st period - Stopped by Ben Scrivens with a rebound.
16:00 of 1st period - Anton Gustafsson is hit by Scott Wilson and loses puck.
16:05 of 1st period - Snap shot by Scott Wilson.
16:05 of 1st period - Stopped by Mike McKenna with a rebound.
16:34 of 1st period - Minor Penalty to Michael Matheson for Holding.
16:35 of 1st period - Noel Acciari wins face-off versus Anton Gustafsson in Knights zone.
16:50 of 1st period - Jared Spurgeon is hit by Steve Begin and loses puck.
17:09 of 1st period - Jared Spurgeon is hit by Blake Geoffrion and loses puck.
18:34 of 1st period - Penalty to Michael Matheson is over, Michael Matheson is back on ice.
18:41 of 1st period - Wrist shot by Jeremy Welsh.
18:41 of 1st period - Shot Misses the Net.
18:43 of 1st period - Wrist shot by Jeremy Welsh.
18:43 of 1st period - Shot Misses the Net.
18:45 of 1st period - Slapshot by Sasha Pokulok.
18:45 of 1st period - Stopped by Ben Scrivens with a rebound.
18:59 of 1st period - Nikita Nikitin is hit by Nicolas Kerdiles and loses puck.
19:33 of 1st period - Brendan Gallagher is hit by Nikita Nikitin and loses puck.
Goals for this period are 2 for Knights vs 0 for Carnivores.
Shots for this period are 11 for Knights vs 8 for Carnivores.
2nd period
0:01 of 2nd period - Noel Acciari wins face-off versus Anton Gustafsson in neutral zone.
0:14 of 2nd period - Snap shot by Steve Begin.
0:14 of 2nd period - Shot Misses the Net.
0:26 of 2nd period - Brendan Gaunce is hit by Markus Granlund and loses puck.
0:49 of 2nd period - Jeremy Welsh is hit by Jordan Martinook and loses puck.
1:27 of 2nd period - Wrist shot by Michael Raffl.
1:27 of 2nd period - Shot Misses the Net.
1:29 of 2nd period - Slapshot by Collin Miller.
1:29 of 2nd period - Shot Misses the Net.
1:31 of 2nd period - Wrist shot by Michael Raffl.
1:31 of 2nd period - Shot Misses the Net.
1:35 of 2nd period - Wrist shot by Kevin Hayes.
1:35 of 2nd period - Shot Misses the Net.
2:26 of 2nd period - Slapshot by Stefan Matteau.
2:26 of 2nd period - Deflect By Jordan Martinook.
2:26 of 2nd period - Stopped by Mike McKenna without a rebound.
2:27 of 2nd period - Zack Smith wins face-off versus Stefan Matteau in Carnivores zone.
3:08 of 2nd period - Minor Penalty to Noel Acciari for Roughing.
3:09 of 2nd period - Anton Gustafsson wins face-off versus Stefan Matteau in Knights zone.
3:10 of 2nd period - Wrist shot by Brendan Gallagher.
3:10 of 2nd period - Stopped by Ben Scrivens without a rebound.
3:11 of 2nd period - Stefan Matteau wins face-off versus Anton Gustafsson in Knights zone.
3:21 of 2nd period - Snap shot by Steve Begin.
3:21 of 2nd period - Shot Blocked by Jared Spurgeon.
3:23 of 2nd period - Snap shot by Anton Gustafsson.
3:23 of 2nd period - Goal by Anton Gustafsson - Knights : 2 - Carnivores : 1.
3:24 of 2nd period - Brendan Gallagher wins face-off versus Noel Acciari in neutral zone.
3:31 of 2nd period - Wrist shot by Anton Gustafsson.
3:31 of 2nd period - Shot Misses the Net.
3:33 of 2nd period - Slapshot by Brendan Gallagher.
3:33 of 2nd period - Stopped by Ben Scrivens without a rebound.
3:34 of 2nd period - Steve Begin wins face-off versus Noel Acciari in Knights zone.
3:35 of 2nd period - Wrist shot by Brendan Gallagher.
3:35 of 2nd period - Shot Misses the Net.
3:42 of 2nd period - Minor Penalty to Jacob Trouba for Boarding.
3:43 of 2nd period - Anton Gustafsson wins face-off versus Noel Acciari in Knights zone.
3:43 of 2nd period - Snap shot by Steve Begin.
3:43 of 2nd period - Shot Misses the Net.
3:45 of 2nd period - Slapshot by Steve Begin.
3:45 of 2nd period - Stopped by Ben Scrivens without a rebound.
3:46 of 2nd period - Steve Begin wins face-off versus Noel Acciari in Knights zone.
3:47 of 2nd period - Snap shot by Brendan Gallagher.
3:47 of 2nd period - Shot Blocked by Michael Raffl.
3:49 of 2nd period - Wrist shot by Brendan Gallagher.
3:49 of 2nd period - Stopped by Ben Scrivens without a rebound.
3:50 of 2nd period - Noel Acciari wins face-off versus Anton Gustafsson in Knights zone.
5:42 of 2nd period - Penalty to Jacob Trouba is over, Jacob Trouba is back on ice.
5:45 of 2nd period - Wrist shot by Scott Laughton.
5:45 of 2nd period - Stopped by Ben Scrivens without a rebound.
5:46 of 2nd period - Stefan Matteau wins face-off versus Scott Laughton in Knights zone.
5:46 of 2nd period - Stefan Matteau is hit by Nicolas Kerdiles.
6:40 of 2nd period - Snap shot by Stefan Matteau.
6:40 of 2nd period - Shot Misses the Net.
6:56 of 2nd period - Slapshot by Jared Spurgeon.
6:56 of 2nd period - Stopped by Mike McKenna with a rebound.
6:58 of 2nd period - Slapshot by Jacob Trouba.
6:58 of 2nd period - Deflect By Ryan Murray.
6:58 of 2nd period - Stopped by Mike McKenna without a rebound.
6:59 of 2nd period - Noel Acciari wins face-off versus Anton Gustafsson in Carnivores zone.
7:06 of 2nd period - Slapshot by Joe Corvo.
7:06 of 2nd period - Shot Blocked by Nikita Nikitin.
7:12 of 2nd period - Snap shot by Brendan Gallagher.
7:12 of 2nd period - Stopped by Ben Scrivens with a rebound.
7:14 of 2nd period - Slapshot by Joe Corvo.
7:14 of 2nd period - Shot Misses the Net.
7:31 of 2nd period - Backhand shot by Blake Geoffrion.
7:31 of 2nd period - Shot Misses the Net.
7:42 of 2nd period - Icing by Collin Miller.
7:43 of 2nd period - Alan Quine wins face-off versus Jeremy Welsh in Knights zone.
7:48 of 2nd period - Mat Clark is hit by Tom Wilson and loses puck.
8:15 of 2nd period - Slapshot by Steve Begin.
8:15 of 2nd period - Stopped by Ben Scrivens without a rebound.
8:16 of 2nd period - Noel Acciari wins face-off versus Anton Gustafsson in Knights zone.
8:16 of 2nd period - Jared Spurgeon is hit by Brendan Gallagher and loses puck.
8:26 of 2nd period - Minor Penalty to Noel Acciari for Hooking.
8:27 of 2nd period - Stefan Matteau wins face-off versus Anton Gustafsson in Knights zone.
8:27 of 2nd period - Stefan Matteau is hit by Joe Corvo.
9:19 of 2nd period - Slapshot by Kevin Hayes.
9:19 of 2nd period - Stopped by Mike McKenna without a rebound.
9:20 of 2nd period - Nikita Alexeev wins face-off versus A.J. Jenks in Carnivores zone.
10:26 of 2nd period - Penalty to Noel Acciari is over, Noel Acciari is back on ice.
10:36 of 2nd period - Snap shot by Alan Quine.
10:36 of 2nd period - Stopped by Mike McKenna without a rebound.
10:37 of 2nd period - Zack Smith wins face-off versus Alan Quine in Carnivores zone.
10:48 of 2nd period - Wrist shot by Alan Quine.
10:48 of 2nd period - Stopped by Mike McKenna without a rebound.
10:49 of 2nd period - Anton Gustafsson wins face-off versus Noel Acciari in Carnivores zone.
11:04 of 2nd period - Wrist shot by Noel Acciari.
11:04 of 2nd period - Shot Misses the Net.
11:14 of 2nd period - Linden Vey is hit by Markus Granlund and loses puck.
11:37 of 2nd period - Snap shot by Jeremy Williams.
11:37 of 2nd period - Goal by Jeremy Williams - Knights : 2 - Carnivores : 2.
11:38 of 2nd period - Anton Gustafsson wins face-off versus Noel Acciari in neutral zone.
11:41 of 2nd period - Wrist shot by Anton Gustafsson.
11:41 of 2nd period - Stopped by Ben Scrivens without a rebound.
11:42 of 2nd period - Anton Gustafsson wins face-off versus Noel Acciari in Knights zone.
11:55 of 2nd period - Minor Penalty to Brendan Gallagher for Hooking.
11:56 of 2nd period - Steve Begin wins face-off versus Noel Acciari in Carnivores zone.
12:09 of 2nd period - Slapshot by Michael Raffl.
12:09 of 2nd period - Shot Blocked by Jeremy Williams.
12:31 of 2nd period - Off-side.
12:32 of 2nd period - Brendan Gaunce wins face-off versus Scott Laughton in neutral zone.
13:55 of 2nd period - Penalty to Brendan Gallagher is over, Brendan Gallagher is back on ice.
14:02 of 2nd period - Icing by Brendan Gallagher.
14:03 of 2nd period - Stefan Matteau wins face-off versus Markus Granlund in Carnivores zone.
14:06 of 2nd period - Snap shot by Nikita Nikitin.
14:06 of 2nd period - Deflect By Stefan Matteau.
14:06 of 2nd period - Stopped by Mike McKenna with a rebound.
14:08 of 2nd period - Snap shot by Brett Connolly.
14:08 of 2nd period - Stopped by Mike McKenna with a rebound.
14:10 of 2nd period - Snap shot by Jordan Martinook.
14:10 of 2nd period - Deflect By Stefan Matteau.
14:10 of 2nd period - Shot Hit the Post.
14:10 of 2nd period - Puck is out of play.
14:11 of 2nd period - Anton Gustafsson wins face-off versus Stefan Matteau in Carnivores zone.
14:26 of 2nd period - Snap shot by Steve Begin.
14:26 of 2nd period - Stopped by Ben Scrivens without a rebound.
14:27 of 2nd period - Markus Granlund wins face-off versus Noel Acciari in Knights zone.
15:01 of 2nd period - Snap shot by A.J. Jenks.
15:01 of 2nd period - Shot Blocked by Joe Corvo.
15:14 of 2nd period - Minor Penalty to Jordan Martinook for Holding.
15:15 of 2nd period - Noel Acciari wins face-off versus Anton Gustafsson in Knights zone.
15:15 of 2nd period - Noel Acciari is hit by Anton Gustafsson.
15:38 of 2nd period - Minor Penalty to Joe Corvo for Interference.
15:39 of 2nd period - Steve Begin wins face-off versus Noel Acciari in Carnivores zone.
15:43 of 2nd period - Icing by Nikita Alexeev.
15:44 of 2nd period - Noel Acciari wins face-off versus Steve Begin in Carnivores zone.
16:09 of 2nd period - Snap shot by Michael Raffl.
16:09 of 2nd period - Stopped by Mike McKenna with a rebound.
16:27 of 2nd period - Snap shot by Nikita Alexeev.
16:27 of 2nd period - Shot Misses the Net.
16:29 of 2nd period - Slapshot by Ryan Murray.
16:29 of 2nd period - Shot Misses the Net.
16:31 of 2nd period - Wrist shot by Steve Begin.
16:31 of 2nd period - Shot Misses the Net.
16:33 of 2nd period - Snap shot by Steve Begin.
16:33 of 2nd period - Shot Blocked by Jared Spurgeon.
16:35 of 2nd period - Slapshot by Steve Begin.
16:35 of 2nd period - Stopped by Ben Scrivens with a rebound.
16:37 of 2nd period - Snap shot by Nikita Alexeev.
16:37 of 2nd period - Shot Misses the Net.
16:39 of 2nd period - Wrist shot by Steve Begin.
16:39 of 2nd period - Shot Misses the Net.
16:51 of 2nd period - Slapshot by Nikita Alexeev.
16:51 of 2nd period - Deflect By Steve Begin.
16:51 of 2nd period - Stopped by Ben Scrivens with a rebound.
16:53 of 2nd period - Slapshot by Ryan Murray.
16:53 of 2nd period - Stopped by Ben Scrivens without a rebound.
16:54 of 2nd period - Blake Geoffrion wins face-off versus Brendan Gaunce in Knights zone.
17:05 of 2nd period - Snap shot by Jeremy Williams.
17:05 of 2nd period - Shot Misses the Net.
17:14 of 2nd period - Penalty to Jordan Martinook is over, Jordan Martinook is back on ice.
17:38 of 2nd period - Penalty to Joe Corvo is over, Joe Corvo is back on ice.
17:48 of 2nd period - Wrist shot by Jordan Martinook.
17:48 of 2nd period - Stopped by Mike McKenna with a rebound.
17:50 of 2nd period - Slapshot by Collin Miller.
17:50 of 2nd period - Deflect By Tom Wilson.
17:50 of 2nd period - Stopped by Mike McKenna with a rebound.
17:52 of 2nd period - Slapshot by Collin Miller.
17:52 of 2nd period - Shot Blocked by Josh Manson.
17:54 of 2nd period - Wrist shot by Tom Wilson.
17:54 of 2nd period - Shot Misses the Net.
17:56 of 2nd period - Wrist shot by Nikita Nikitin.
17:56 of 2nd period - Shot Misses the Net.
17:58 of 2nd period - Wrist shot by Jordan Martinook.
17:58 of 2nd period - Shot Misses the Net.
18:00 of 2nd period - Slapshot by Michael Matheson.
18:00 of 2nd period - Deflect By Scott Wilson.
18:00 of 2nd period - Goal by Scott Wilson - Knights : 3 - Carnivores : 2.
18:01 of 2nd period - Noel Acciari wins face-off versus Blake Geoffrion in neutral zone.
18:35 of 2nd period - Slapshot by Steve Begin.
18:35 of 2nd period - Shot Misses the Net.
18:55 of 2nd period - Wrist shot by Zack Smith.
18:55 of 2nd period - Stopped by Ben Scrivens with a rebound.
19:11 of 2nd period - Snap shot by Blake Geoffrion.
19:11 of 2nd period - Shot Blocked by Michael Matheson.
19:47 of 2nd period - Slapshot by T.J Brodie.
19:47 of 2nd period - Stopped by Ben Scrivens with a rebound.
19:53 of 2nd period - Wrist shot by A.J. Jenks.
19:53 of 2nd period - Stopped by Mike McKenna with a rebound.
19:55 of 2nd period - Snap shot by Linden Vey.
19:55 of 2nd period - Stopped by Mike McKenna with a rebound.
Goals for this period are 1 for Knights vs 2 for Carnivores.
Shots for this period are 14 for Knights vs 16 for Carnivores.
3rd period
0:01 of 3rd period - Anton Gustafsson wins face-off versus Noel Acciari in neutral zone.
0:04 of 3rd period - Slapshot by Ryan Murray.
0:04 of 3rd period - Deflect By Brendan Gallagher.
0:04 of 3rd period - Shot Misses the Net.
0:04 of 3rd period - Puck is out of play.
0:05 of 3rd period - Anton Gustafsson wins face-off versus Noel Acciari in Knights zone.
0:16 of 3rd period - Wrist shot by Brendan Gallagher.
0:16 of 3rd period - Stopped by Ben Scrivens without a rebound.
0:17 of 3rd period - Anton Gustafsson wins face-off versus Noel Acciari in Knights zone.
0:32 of 3rd period - Wrist shot by Anton Gustafsson.
0:32 of 3rd period - Shot Misses the Net.
1:08 of 3rd period - Backhand shot by Jared Spurgeon.
1:08 of 3rd period - Deflect By Stefan Matteau.
1:08 of 3rd period - Stopped by Mike McKenna without a rebound.
1:09 of 3rd period - Anton Gustafsson wins face-off versus Stefan Matteau in Carnivores zone.
1:18 of 3rd period - Snap shot by Steve Begin.
1:18 of 3rd period - Deflect By Nikita Nikitin.
1:18 of 3rd period - Shot Misses the Net.
1:18 of 3rd period - Puck is out of play.
1:19 of 3rd period - Anton Gustafsson wins face-off versus Noel Acciari in Knights zone.
1:20 of 3rd period - Snap shot by Brendan Gallagher.
1:20 of 3rd period - Stopped by Ben Scrivens without a rebound.
1:21 of 3rd period - Steve Begin wins face-off versus Noel Acciari in Knights zone.
1:25 of 3rd period - Minor Penalty to Kevin Hayes for Hooking.
1:26 of 3rd period - Noel Acciari wins face-off versus Anton Gustafsson in Knights zone.
1:33 of 3rd period - Off-side.
1:34 of 3rd period - Noel Acciari wins face-off versus Anton Gustafsson in neutral zone.
1:41 of 3rd period - Slapshot by Michael Raffl.
1:41 of 3rd period - Stopped by Mike McKenna without a rebound.
1:42 of 3rd period - Anton Gustafsson wins face-off versus Noel Acciari in Carnivores zone.
1:47 of 3rd period - Snap shot by Michael Raffl.
1:47 of 3rd period - Stopped by Mike McKenna with a rebound.
1:49 of 3rd period - Slapshot by Noel Acciari.
1:49 of 3rd period - Shot Blocked by Brendan Gallagher.
1:53 of 3rd period - Snap shot by Noel Acciari.
1:53 of 3rd period - Stopped by Mike McKenna with a rebound.
1:55 of 3rd period - Wrist shot by Noel Acciari.
1:55 of 3rd period - Shot Blocked by Ryan Murray.
1:57 of 3rd period - Slapshot by Jared Spurgeon.
1:57 of 3rd period - Stopped by Mike McKenna with a rebound.
2:24 of 3rd period - A.J. Jenks is hit by Anton Gustafsson and loses puck.
3:25 of 3rd period - Penalty to Kevin Hayes is over, Kevin Hayes is back on ice.
3:35 of 3rd period - Jaccob Slavin is hit by Joe Corvo and loses puck.
3:44 of 3rd period - Stefan Matteau is hit by Jeremy Welsh and loses puck.
4:51 of 3rd period - Icing by Nikita Alexeev.
4:52 of 3rd period - Brendan Gaunce wins face-off versus Markus Granlund in Carnivores zone.
4:53 of 3rd period - Slapshot by Linden Vey.
4:53 of 3rd period - Stopped by Mike McKenna with a rebound.
4:55 of 3rd period - Wrist shot by A.J. Jenks.
4:55 of 3rd period - Shot Misses the Net.
5:17 of 3rd period - Snap shot by Brendan Gallagher.
5:17 of 3rd period - Stopped by Ben Scrivens with a rebound.
5:19 of 3rd period - Snap shot by Brendan Gallagher.
5:19 of 3rd period - Shot Misses the Net.
5:21 of 3rd period - Wrist shot by Brendan Gallagher.
5:21 of 3rd period - Stopped by Ben Scrivens with a rebound.
5:31 of 3rd period - Snap shot by Scott Laughton.
5:31 of 3rd period - Shot Hit the Post.
5:33 of 3rd period - Slapshot by Sasha Pokulok.
5:33 of 3rd period - Deflect By Jared Spurgeon.
5:33 of 3rd period - Stopped by Ben Scrivens with a rebound.
5:37 of 3rd period - Slapshot by Scott Laughton.
5:37 of 3rd period - Shot Misses the Net.
5:39 of 3rd period - Snap shot by Nicolas Kerdiles.
5:39 of 3rd period - Stopped by Ben Scrivens with a rebound.
5:41 of 3rd period - Slapshot by Scott Laughton.
5:41 of 3rd period - Shot Blocked by Jared Spurgeon.
5:57 of 3rd period - Snap shot by Michael Raffl.
5:57 of 3rd period - Shot Misses the Net.
5:59 of 3rd period - Snap shot by Noel Acciari.
5:59 of 3rd period - Deflect By Kevin Hayes.
5:59 of 3rd period - Stopped by Mike McKenna without a rebound.
6:00 of 3rd period - Anton Gustafsson wins face-off versus Noel Acciari in Carnivores zone.
6:11 of 3rd period - Wrist shot by Michael Raffl.
6:11 of 3rd period - Shot Blocked by Ryan Murray.
6:13 of 3rd period - Snap shot by Nikita Nikitin.
6:13 of 3rd period - Stopped by Mike McKenna with a rebound.
6:25 of 3rd period - Michael Matheson is hit by Markus Granlund and loses puck.
6:45 of 3rd period - Off-side.
6:46 of 3rd period - Zack Smith wins face-off versus Alan Quine in neutral zone.
6:49 of 3rd period - Snap shot by Jeremy Williams.
6:49 of 3rd period - Shot Misses the Net.
7:34 of 3rd period - Jacob Trouba is hit by Josh Manson.
8:19 of 3rd period - Snap shot by Jacob Trouba.
8:19 of 3rd period - Shot Misses the Net.
9:12 of 3rd period - Josh Manson is hit by Jordan Martinook and loses puck.
9:33 of 3rd period - Wrist shot by Alan Quine.
9:33 of 3rd period - Shot Misses the Net.
9:35 of 3rd period - Snap shot by Tom Wilson.
9:35 of 3rd period - Shot Misses the Net.
9:37 of 3rd period - Snap shot by Michael Matheson.
9:37 of 3rd period - Shot Misses the Net.
9:39 of 3rd period - Slapshot by Michael Matheson.
9:39 of 3rd period - Stopped by Mike McKenna with a rebound.
9:45 of 3rd period - Minor Penalty to Jeremy Welsh for Roughing.
9:46 of 3rd period - Noel Acciari wins face-off versus Steve Begin in Carnivores zone.
10:14 of 3rd period - Off-side.
10:15 of 3rd period - Anton Gustafsson wins face-off versus Brendan Gaunce in neutral zone.
10:18 of 3rd period - Slapshot by Joe Corvo.
10:18 of 3rd period - Deflect By Jared Spurgeon.
10:18 of 3rd period - Stopped by Ben Scrivens without a rebound.
10:19 of 3rd period - Anton Gustafsson wins face-off versus Noel Acciari in Knights zone.
11:30 of 3rd period - Joe Corvo is hit by Noel Acciari.
11:45 of 3rd period - Penalty to Jeremy Welsh is over, Jeremy Welsh is back on ice.
12:12 of 3rd period - Nikita Nikitin is hit by Josh Manson and loses puck.
12:33 of 3rd period - T.J Brodie is hit by Tom Wilson and loses puck.
13:32 of 3rd period - Wrist shot by Blake Geoffrion.
13:32 of 3rd period - Deflect By Alan Quine.
13:32 of 3rd period - Shot Misses the Net.
13:32 of 3rd period - Puck is out of play.
13:33 of 3rd period - Brendan Gaunce wins face-off versus Anton Gustafsson in Knights zone.
13:41 of 3rd period - Wrist shot by Michael Matheson.
13:41 of 3rd period - Stopped by Mike McKenna without a rebound.
13:42 of 3rd period - Brendan Gaunce wins face-off versus Anton Gustafsson in Carnivores zone.
14:26 of 3rd period - Snap shot by Anton Gustafsson.
14:26 of 3rd period - Stopped by Ben Scrivens without a rebound.
14:27 of 3rd period - Markus Granlund wins face-off versus Noel Acciari in Knights zone.
14:34 of 3rd period - Wrist shot by Nikita Alexeev.
14:34 of 3rd period - Shot Misses the Net.
14:54 of 3rd period - Zack Smith is hit by Stefan Matteau and loses puck.
15:04 of 3rd period - Minor Penalty to Jeremy Williams for Holding.
15:05 of 3rd period - Steve Begin wins face-off versus Noel Acciari in Carnivores zone.
15:41 of 3rd period - Wrist shot by A.J. Jenks.
15:41 of 3rd period - Shot Misses the Net.
16:17 of 3rd period - Icing by Jaccob Slavin.
16:18 of 3rd period - Scott Laughton wins face-off versus Brendan Gaunce in Knights zone.
17:04 of 3rd period - Penalty to Jeremy Williams is over, Jeremy Williams is back on ice.
17:13 of 3rd period - Wrist shot by Stefan Matteau.
17:13 of 3rd period - Shot Misses the Net.
17:15 of 3rd period - Slapshot by Collin Miller.
17:15 of 3rd period - Deflect By Brett Connolly.
17:15 of 3rd period - Shot Blocked by T.J Brodie.
17:15 of 3rd period - Puck is out of play.
17:16 of 3rd period - Zack Smith wins face-off versus Stefan Matteau in Carnivores zone.
17:41 of 3rd period - Sasha Pokulok is hit by Jordan Martinook.
17:46 of 3rd period - Off-side.
17:47 of 3rd period - Zack Smith wins face-off versus Noel Acciari in neutral zone.
17:58 of 3rd period - Jacob Trouba is hit by Jeremy Welsh and loses puck.
18:13 of 3rd period - Joe Corvo is hit by Jacob Trouba and loses puck.
18:46 of 3rd period - Snap shot by A.J. Jenks.
18:46 of 3rd period - Stopped by Mike McKenna without a rebound.
18:47 of 3rd period - Wayne Gretzky call a timeout for Carnivores.
18:47 of 3rd period - Noel Acciari wins face-off versus Anton Gustafsson in Carnivores zone.
18:54 of 3rd period - Snap shot by Kevin Hayes.
18:54 of 3rd period - Stopped by Mike McKenna with a rebound.
19:06 of 3rd period - Carnivores, Mike McKenna is pulled from the net.
19:06 of 3rd period - Slapshot by Steve Begin.
19:06 of 3rd period - Stopped by Ben Scrivens with a rebound.
19:20 of 3rd period - Michael Raffl is hit by Joe Corvo and loses puck.
19:25 of 3rd period - Snap shot by Brendan Gallagher.
19:25 of 3rd period - Shot Misses the Net.
19:27 of 3rd period - Snap shot by Brendan Gallagher.
19:27 of 3rd period - Shot Misses the Net.
19:29 of 3rd period - Snap shot by Steve Begin.
19:29 of 3rd period - Stopped by Ben Scrivens without a rebound.
19:30 of 3rd period - Michael Raffl wins face-off versus Brendan Gallagher in Knights zone.
19:37 of 3rd period - Wrist shot by Michael Raffl.
19:37 of 3rd period - Shot Blocked by Joe Corvo.
19:51 of 3rd period - Wrist shot by Noel Acciari.
19:51 of 3rd period - Goal by Noel Acciari - Knights : 4 - Carnivores : 2.
19:51 of 3rd period - Mike McKenna from Carnivores was sent back in the game.
19:52 of 3rd period - Anton Gustafsson wins face-off versus Noel Acciari in neutral zone.
Goals for this period are 1 for Knights vs 0 for Carnivores.
Shots for this period are 13 for Knights vs 10 for Carnivores.
Back to the Top